 Dungeon Crawl Stone Soup version 0.30.1 (webtiles) character file.

Game seed: 806037860595076862

32 Peloso the Covered (level 3, 33/33 HPs)
             Began as a Minotaur Fighter on July 2, 2023.
             Got out of the dungeon alive.
             The game lasted 00:01:20 (655 turns).

Peloso the Covered (Minotaur Fighter)                Turns: 655, Time: 00:01:20

Health: 33/33      AC:  7    Str: 20    XL:     3   Next: 10%
Magic:  2/2        EV:  9    Int:  5    God:
Gold:   39         SH:  4    Dex: 11    Spells: 2/2 levels left

rFire   . . .        a - +0 long sword
rCold   . . .        c - +0 buckler
rNeg    . . .        b - +0 scale mail
rPois   .            (helmet restricted)
rElec   .            (no cloak)
rCorr   .            (no gloves)
SInv    .            (no boots)
Will    .....        (no amulet) Stlth
                     (no ring)
HPRegen 0.25/turn    (no ring)
MPRegen 0.08/turn

%: no passive effects
@: brilliant
A: horns 2, retaliatory headbutt, hooves 1
a: no special abilities


You escaped.
You visited 1 branch of the dungeon, and saw 1 of its levels.

You collected 39 gold pieces.

Inventory:

Hand Weapons
 a - a +0 long sword (weapon)
Armour
 b - a +0 scale mail (worn)
 c - a +0 buckler (worn)
Scrolls
 g - 2 scrolls of teleportation {unknown}
 h - a scroll of identify {unknown}
Potions
 d - 2 potions of might
 e - a potion of curing
 f - 2 potions of brilliance


   Skills:
 + Level 4.1 Fighting
 + Level 3.0 Long Blades
 + Level 4.1 Armour
 + Level 4.0 Shields


You had 2 spell levels left.
You didn't know any spells.
Your spell library was empty.

Dungeon Overview and Level Annotations

Branches:
Dungeon (1/15)

Altars:


Innate Abilities, Weirdness & Mutations

You have a pair of horns on your head.
You reflexively headbutt those who attack you in melee.
You have large cloven feet.


Message History

The slug dart misses you.
The giant cockroach bites you but does no damage.
You hit the giant cockroach.
You kill the giant cockroach!
The dart slug launches a dart at you. The slug dart hits you.
You have reached level 3!
Your experience leads to an increase in your attributes!
Increase (S)trength, (I)ntelligence, or (D)exterity?
You feel agile. x2
You slash the dart slug! You headbutt the dart slug.
You kill the dart slug!
You see here a dart slug corpse.
f - 3 fizzy yellow potions (gained 1)
d - 2 potions of might (gained 1)
A bat comes into view.
A bat is nearby!
A bat is nearby!
The bat hits you but does no damage.
You barely miss the bat. The bat hits you. The bat hits you but does no damage.
The bat hits you but does no damage. The bat hits you but does no damage.
You miss the bat. The bat barely misses you.
You slash the bat!
You kill the bat!
Your Long Blades skill increases to level 3!
It was a potion of brilliance.
You feel clever all of a sudden.
It was a potion of mutation.
You feel extremely strange.
Your feet thicken and deform.
You feel less energetic.
You feel more energetic.
Unknown command.
Found a stone staircase leading down.
(D) Dungeon
Where to? (? - help)
What level of the Dungeon? (default 1, ? - help)
You see here a dart slug corpse.
Magic restored.
There is a staircase leading out of the dungeon here.
Are you sure you want to leave the Dungeon?
This will make you lose the game!
You have escaped!

#########..###...###..#.........
#.##.#...#.##.#.########
#.###.....###.#.#.......
#..##.....##..#.#.######
##............#.#.......
#.....#......#.####....
#....###.....#.........
#....#...#.......###....
#......#.@.#.......# #....
#..###.........###..# ##### #.#
#..#...#..#..#.# #.
#..#...#..#....# #
.#..##.##..#....#
....#.#....#.#.#
......#.........#######
.......#........)....
#......#.####........


There were no monsters in sight!

Vanquished Creatures
  2 dart slugs (D:1)
  6 endoplasms (D:1)
  4 giant cockroaches (D:1)
  3 goblins (D:1)
  A kobold (D:1)
  2 quokkas (D:1)
  A ball python (D:1)
  2 bats (D:1)
  2 frilled lizards (D:1)
  A rat (D:1)
24 creatures vanquished.

Notes
Turn   | Place    | Note
-------+----------+-------------------------------------------
     0 | D:1      | Peloso the Minotaur Fighter began the quest for the Orb.
     0 | D:1      | Reached XP level 1. HP: 19/19 MP: 0/0
   235 | D:1      | Reached XP level 2. HP: 22/27 MP: 1/1
   608 | D:1      | Reached XP level 3. HP: 32/33 MP: 2/2
   629 | D:1      | Gained mutation: You have large cloven feet. [potion of
                  | mutation]
   629 | D:1      | Gained mutation: Your magical capacity is low. (-10% MP)
                  | [potion of mutation]
   629 | D:1      | Lost mutation: Your magical capacity is low. (-10% MP)
                  | [potion of mutation]
   655 | D:$      | Got out of the dungeon alive.

Illustrated notes

Levels and vault maps discovered:
D:1:      erik_arrival_blinker_ship, layout_basic,
          hangedman_abyss_or_decor_lesser_grid

Skill      XL: |  1  2  3 |
---------------+----------+-----
Armour         | 4 |  4.1
Fighting       | 4 |  4.1
Shields        | 4 |  4.0
Long Blades    | 3 |  3.0

Action                     || total
---------------------------++-------
  Melee: Long sword        ||    47
         Headbutt          ||     3
    Use: Potion            ||     3
 Armour: Scale mail        ||    21
  Dodge: Dodged            ||    17
  Block: Buckler           ||    10
